 Dungeon Crawl Stone Soup version 0.31-a0-145-g046c7d2549 (console) character file.

Game seed: 2767447716100099775

1345 Ignak the Ogre Mage (level 8, 0/78 HPs)
             Began as an Ogre Hedge Wizard on June 5, 2023.
             Slain by a yak (15 damage)
             ... on level 4 of the Dungeon.
             The game lasted 00:16:55 (6210 turns).

Ignak the Ogre Mage (Ogre Hedge Wizard)             Turns: 6210, Time: 00:16:56

Health: 0/78       AC:  3    Str: 15    XL:     8   Next: 62%
Magic:  11/24      EV: 15    Int: 17    God:
Gold:   211        SH:  0    Dex:  8    Spells: 1/17 levels left

rFire   . . .        r - +1 hand axe (freeze)
rCold   . . .        (no shield)
rNeg    . . .        b - +0 robe
rPois   .            c - melded +0 hat
rElec   .            (no cloak)
rCorr   .            (gloves unavailable)
SInv    .            (boots unavailable)
Will    .....        e - amulet of magic regeneration
Stlth   +            i - +5 ring of evasion
HPRegen 0.33/turn    d - ring of magical power
MPRegen 0.59/turn

%: no passive effects
@: appendages, wereblooded
A: horns 2, talons 2, large, unfitting armour, tough skin 1
a: End Transformation


You were on level 4 of the Dungeon.
You had temporarily grown beastly horns and talons.
You visited 1 branch of the dungeon, and saw 5 of its levels.
You also visited: Sewer.

You collected 211 gold pieces.

Inventory:

Hand Weapons
 r - a +1 hand axe of freezing (weapon)
Missiles
 h - 11 poisoned darts (quivered)
Armour
 b - a +0 robe (worn)
 c - a +0 hat (melded)
Jewellery
 a - a ring of fire
 d - a ring of magical power (right hand)
 e - an amulet of magic regeneration (around neck)
 i - a +5 ring of evasion (left hand)
 n - a ring of positive energy
Scrolls
 l - a scroll of poison
 p - a scroll of blinking
 s - a scroll of fog
 u - a scroll of amnesia {unknown}
 v - a scroll of teleportation {unknown}
Potions
 f - 2 potions of enlightenment
 g - a potion of brilliance {unknown}
 j - a potion of haste {unknown}
 k - a potion of heal wounds {unknown}
 m - 2 potions of berserk rage {unknown}
 o - a potion of attraction
 q - 3 potions of curing
 t - 2 potions of mutation {unknown}
 w - a potion of degeneration {unknown}


   Skills:
 + Level 3.8 Fighting
 * Level 2.9(3.2) Axes
 - Level 1.6(2.4) Maces & Flails
 + Level 3.2 Dodging
 - Level 1.4 Stealth
 - Level 1.0 Unarmed Combat
 + Level 5.1 Spellcasting
 + Level 2.8 Conjurations
 - Level 0.8 Summonings
 + Level 2.7 Translocations
 * Level 3.2 Transmutations
 * Level 2.5 Ice Magic
 - Level 2.0 Air Magic
 - Level 2.0 Poison Magic


You had one spell level left.
You knew the following spells:

 Your Spells              Type           Power      Damage    Failure   Level
a - Magic Dart            Conj           52%        1d5       4%          1
b - Blink                 Tloc           26%        N/A       7%          2
c - Frozen Ramparts       Ice            26%        1d4       14%         3
d - Mephitic Cloud        Conj/Pois/Air  12%        N/A       17%         3
e - Call Imp              Summ           14%        N/A       16%         2
t - Passwall              Tmut/Erth      7%         N/A       11%         2
x - Wereblood             Tmut           15%        N/A       5%          2
z - Beastly Appendage     Tmut           30%        N/A       3%          1

Your spell library contained the following spells:

 Spells                   Type           Power      Damage    Failure   Level
 Freeze                   Ice            52%        1d6       4%          1
 Sandblast                Erth           8%         2d5       14%         1
 Slow                     Hex            16%        N/A       14%         1
 Cigotuvi's Dreadful Rot  Necr/Pois/Air  16%        N/A       12%         2
 Hailstorm                Conj/Ice       13%        3d5       14%         3
 Spider Form              Tmut/Pois      13%        N/A       14%         3
 Portal Projectile        Hex/Tloc       16%        N/A       24%         3
 Stone Arrow              Conj/Erth      18%        3d8       24%         3
 Tukima's Dance           Hex            4%         N/A       38%         3
 Blade Hands              Tmut           7%         N/A       71%         5


Dungeon Overview and Level Annotations

Branches:
Dungeon (5/15)              Sewer (visited)
 Temple: D:4-7

Altars:
Elyvilon
Fedhas
Hepliaklqana
Qazlal
Vehumet
Wu Jian
Zin
The Shining One


Innate Abilities, Weirdness & Mutations

You have temporarily grown beastly horns and talons.
You are too large for most types of armour.
You have tough skin. (AC +1)


Message History

The yak gores you. The yak misses your cerulean imp.
Casting: Beastly Appendage (safe; 3% risk of failure)
Confirm with . or Enter, or press ? or * to list all spells.
You blink.
Your cerulean imp hits the yak but does no damage.
Your magical contamination has completely faded away.
You barely miss the yak. You headbutt the yak.
The yak is severely wounded.
The yak gores you!
* * * LOW HITPOINT WARNING * * *
Something misses your cerulean imp.
Your cerulean imp hits the yak from afar with a -4 spear.
Casting: Blink (safe; 7% risk of failure)
Confirm with . or Enter, or press ? or * to list all spells.
Aiming: Mephitic Cloud (dangerous; 17% risk of failure)
Press: ? - help, Shift-Dir - straight line, p - yak The ball explodes into a vile cloud!
The stinking cloud engulfs the yak but does no damage.
The yak is severely wounded.
The yak misses you. Something gores your cerulean imp!
Your cerulean imp dies!
Your cerulean imp disappears in a puff of smoke!
Unknown command.
Casting: Mephitic Cloud (dangerous; 17% risk of failure)
Confirm with . or Enter, or press ? or * to list all spells.
Aiming: Mephitic Cloud (dangerous; 17% risk of failure)
Press: ? - help, Shift-Dir - straight line The ball explodes into a vile cloud!
The stinking cloud engulfs the yak but does no damage.
The yak is severely wounded.
The yak gores you!
* * * LOW HITPOINT WARNING * * *
Press: ? - help, v - describe, . - travel
Here: a yak (severely wounded)
The floor, spattered with blood.
Okay, then.
You feel better.
You feel stable enough to blink again. The yak gores you!
You die...

##.#.##.# #.......#
........# #.##.##.#
######### #.##.##.#
#.##)##.#
##########.......#
###.....#.......####
##........#####.#
##........#####○##
##........##..○°@#
..........##.##Y##
##.#####..##Y##.#
##.#####......Y.#
##....>..###.####
####.........# ###
####.######### ##.##
..##.### ##...##
#......# ##.....##
########


You could see 2 yaks.

Vanquished Creatures
  2 black bears
  A kobold brigand (Sewer)
  2 phantoms
  2 scorpions
  A howler monkey (D:3)
  6 hounds
  2 orc priests
  An iguana (D:4)
  Terence (D:3)
  Jessica (D:2)
  2 orc wizards (D:5)
  Robin (D:3)
  A river rat (Sewer)
  4 adders
  An ufetubus (D:4)
  A worm (D:2)
  3 dart slugs
  13 orcs
  4 endoplasms
  4 giant cockroaches
  16 goblins
  9 hobgoblins
  4 jackals
  5 quokkas
  5 ball pythons
  8 bats
  2 frilled lizards
  10 kobolds
  10 rats
122 creatures vanquished.

Vanquished Creatures (collateral kills)
  A yak (D:5)
  A kobold brigand (Sewer)
  2 adders (D:1)
  A white imp (D:5)
  A worm (D:2)
  An orc (D:4)
  A bat (D:3)
  A goblin (D:2)
  2 jackals (D:1)
  A rat (D:2)
12 creatures vanquished.

Grand Total: 134 creatures vanquished

Notes
Turn   | Place    | Note
-------+----------+-------------------------------------------
     0 | D:1      | Ignak the Ogre Hedge Wizard began the quest for the Orb.
     0 | D:1      | Reached XP level 1. HP: 16/16 MP: 5/5
    75 | D:1      | Found a faded altar of an unknown god.
   135 | D:1      | Reached skill level 1 in Conjurations
   135 | D:1      | Reached skill level 1 in Translocations
   287 | D:1      | Reached XP level 2. HP: 21/26 MP: 3/6
  1029 | D:1      | Learned a level 2 spell: Blink
  1032 | D:1      | Learned a level 2 spell: Call Imp
  1253 | D:2      | Reached XP level 3. HP: 31/32 MP: 8/8
  1298 | D:1      | Reached skill level 1 in Fighting
  1298 | D:1      | Reached skill level 4 in Spellcasting
  1687 | D:2      | Reached skill level 1 in Unarmed Combat
  1687 | D:2      | Reached XP level 4. HP: 27/41 MP: 10/10
  1957 | D:2      | Noticed Jessica
  2111 | D:1      | Learned a level 3 spell: Mephitic Cloud
  2129 | D:2      | Killed Jessica
  2298 | D:2      | You fall into a shaft and drop 2 floors!
  2403 | D:3      | Learned a level 1 spell: Beastly Appendage
  2406 | D:3      | Learned a level 2 spell: Wereblood
  2410 | D:3      | Found a glowing drain.
  2461 | Sewer    | Entered a sewer
  2474 | Sewer    | Reached skill level 1 in Maces & Flails
  2474 | Sewer    | Reached XP level 5. HP: 49/49 MP: 11/11
  2511 | Sewer    | Noticed a kobold brigand
  2530 | Sewer    | Noticed a kobold brigand
  2539 | Sewer    | Killed a kobold brigand
  2540 | Sewer    | Reached skill level 1 in Transmutations
  2550 | Sewer    | Killed a kobold brigand
  2551 | Sewer    | Reached skill level 1 in Air Magic
  2551 | Sewer    | Reached skill level 1 in Poison Magic
  2551 | Sewer    | Reached XP level 6. HP: 11/59 MP: 7/12
  2740 | Sewer    | Found a glowing silver altar of Zin.
  3063 | D:3      | Noticed Robin
  3093 | D:3      | Killed Robin
  3163 | D:3      | Found an ornate altar of the Wu Jian Council.
  3172 | D:3      | Found a hazy altar of Hepliaklqana.
  3230 | D:3      | Found a stormy altar of Qazlal.
  3455 | D:3      | Noticed Terence
  3479 | D:3      | Killed Terence
  3614 | D:3      | Reached skill level 1 in Axes
  3614 | D:3      | Reached XP level 7. HP: 29/66 MP: 13/13
  4105 | D:4      | Reached skill level 1 in Ice Magic
  4757 | D:5      | Entered Level 5 of the Dungeon
  4827 | D:5      | Found a white marble altar of Elyvilon.
  4848 | D:5      | Found a glowing golden altar of the Shining One.
  5362 | D:4      | Reached XP level 8. HP: 17/75 MP: 15/15
  5621 | D:5      | Learned a level 3 spell: Frozen Ramparts
  5657 | D:5      | Found a radiant altar of Vehumet.
  5711 | D:5      | Found a blossoming altar of Fedhas.
  5751 | D:5      | Reached skill level 5 in Spellcasting
  5766 | D:5      | Learned a level 2 spell: Passwall
  5901 | D:5      | Found a glowing silver altar of Zin.
  5901 | D:5      | Noticed a yak
  5901 | D:5      | Noticed a yak
  5901 | D:5      | Noticed a yak
  5937 | D:5      | Killed a yak
  6210 | D:4      | Slain by a yak

Illustrated notes

Levels and vault maps discovered:
D:1:      eino_arrival_cavern_a, layout_basic,
          shapermc_ecumenical_altar_acropolis, chequers_serial_rivers_room_a,
          minmay_misc_feat_pillars, minmay_misc_feat_tower
D:2:      layout_basic, serial_park_tiny_1, uniq_jessica
D:3:      layout_rooms, lemuel_crystal_altar, minitemple, portal_sewer_entry_d,
          uniq_robin, uniq_terence
D:4:      layout_loops_cross, saegor_snake_ambush
D:5:      nicolae_cairo_tiling_large, layout_rooms, nicolae_vehumet_altar_sigil,
          old_standard_altar, fedhas_ov_isle_minmay,
          nicolae_overflow_hallway_of_the_gods, nicolae_uskayaw_suspiria,
          hangedman_abyss_or_decor_passed

Skill      XL: |  1  2  3  4  5  6  7  8 |
---------------+-------------------------+-----
Conjurations   | 1 2 |  2.8
Translocations | 1 2 |  2.7
Dodging        | 2 3 |  3.2
Fighting       | 1 2 3 |  3.8
Spellcasting   | 4 5 |  5.1
Unarmed Combat | 1 |  1.0
Maces & Flails | 1 |  1.6
Transmutations | 1 2 3 |  3.2
Air Magic      | 1 2 |  2.0
Poison Magic   | 1 2 |  2.0
Axes           | 1 2 |  2.9
Ice Magic      | 1 2 |  2.5
Stealth        | |  1.4
Summonings     | |  0.8

Action                     |  1- 3 |  4- 6 |  7- 9 || total
---------------------------+-------+-------+-------++-------
  Melee: Unarmed           |    79 |       |       ||    79
         Dagger            |    10 |       |       ||    10
         Whip              |    50 |    94 |       ||   144
         Punch             |     2 |     4 |     2 ||     8
         Kick              |       |    10 |    18 ||    28
         Headbutt          |       |     1 |    13 ||    14
         Hand axe          |       |    88 |   201 ||   289
   Cast: Magic Dart        |    26 |       |       ||    26
         Call Imp          |     8 |     9 |    14 ||    31
         Blink             |     1 |     1 |     8 ||    10
         Beastly Appendage |       |     5 |    12 ||    17
         Mephitic Cloud    |       |     7 |    15 ||    22
         Wereblood         |       |     4 |     9 ||    13
         Frozen Ramparts   |       |       |     3 ||     3
    Use: Scroll            |     1 |     5 |     1 ||     7
         Potion            |       |     3 |     1 ||     4
   Stab: Distracted        |       |     1 |       ||     1
         Confused          |       |     3 |     4 ||     7
         Sleeping          |       |     1 |     1 ||     2
 Armour: Robe              |    38 |    45 |    32 ||   115
  Dodge: Dodged            |    91 |   154 |   185 ||   430

Table legend: (Time is in decaauts)
 A = Elapsed time spent in this place.
 B = Non-inter-level travel time spent in this place.
 C = Inter-level travel time spent in this place.
 D = Time resting spent in this place.
 E = Time spent auto-exploring this place.
 F = Levels seen in this place.
 G = Mean time per level.
                   A        B        C        D        E       F      G
               +--------+--------+--------+--------+--------+-----+--------+
         Total |   6288 |   6187 |    101 |   1629 |   2423 |   6 | 1048.0 |
       Dungeon |   5947 |   5846 |    101 |   1466 |   2423 |   5 | 1189.4 |
         Sewer |    340 |    340 |      0 |    163 |      0 |   1 |  340.0 |
               +--------+--------+--------+--------+--------+-----+--------+

Top non-repeatable levels by time:
     D:4: 1783 daAuts
     D:1: 1566 daAuts
     D:3: 1176 daAuts
     D:2: 841 daAuts
     D:5: 580 daAuts
   Sewer: 340 daAuts
